cohdb
Replays
Latest Replays
All Replays
Popular Replays
Top Player Replays
Match Explorer
How It Works
Community
CoH3 Stats
Reddit
Sign in to upload your games and track your stats! →
Sign in with Steam
Didn't even break a sweat
Match 12049057
Overview
Messages
Build Orders
End
Pioneer Squad
Construct Infanterie Kompanie
Selects Breakthrough Battlegroup
Selects Assault Grenadiers
MG 42 Machine Gun Team
MG 42 Machine Gun Team
MG 42 Machine Gun Team
Construct Luftwaffe Kompanie
Jäger Squad
Medical Station
Jäger Squad
Luftwaffe Officer Quarters
Jäger Squad
Construct Panzer Kompanie
Stoßtruppen Squad
Panzer IV Medium Tank
Pioneer Squad
Selects Rapid Production
Selects Blitzkrieg
Panzer IV Medium Tank
Pioneer Squad
Pioneer Squad
Blitzkrieg
Pioneer Squad
Pioneer Squad
Pioneer Squad
Pioneer Squad
Blitzkrieg
Crazy bee
Wolfe
0
0
Comments
sign in to comment!
No comments posted yet!